 Dungeon Crawl Stone Soup version 0.30-a0-4-ga7cffc901d (webtiles) character file.

Game seed: 11068136283788795687

61 wingedge the Magician (level 3, 0/26 HPs)
             Began as a Mummy Conjurer on Aug 21, 2022.
             Slain by an orc
             ... wielding a +0 club
              (1 damage)
             ... on level 3 of the Dungeon.
             The game lasted 00:06:07 (4280 turns).

wingedge the Magician (Mummy Conjurer)              Turns: 4280, Time: 00:06:07

Health: 0/26       AC:  5    Str: 10    XL:     3   Next: 83%
Magic:  2/9        EV: 11    Int: 19    God:
Gold:   36         SH:  0    Dex: 10    Spells: 9/12 levels left

rFire   x . .      SeeInvis .    a - +0 short sword (venom)
rCold   + . .      Faith    .    (no shield)
rNeg    + + +      Spirit   .    g - +1 leather armour {Will+}
rPois   ∞          Reflect  .    (no helmet)
rElec   .          Harm     .    b - +0 cloak
rCorr   .          Rampage  .    (no gloves)
Will    +....                    (no boots)
Stlth   ..........               (no amulet)
HPRegen 0.08/turn                (no ring)
MPRegen 0.11/turn                (no ring)

@: silenced
A: cold resistance 1, negative energy resistance 3, torment resistance 2, heat
vulnerability 1, in touch with death 1, no potions
a: no special abilities


You were on level 3 of the Dungeon.
You visited 1 branch of the dungeon, and saw 3 of its levels.

You collected 36 gold pieces.

Inventory:

Hand Weapons
 a - a +0 short sword of venom (weapon)
 d - a +0 war axe
Missiles
 e - 3 curare-tipped darts (quivered)
Armour
 b - a +0 cloak (worn)
 g - a +1 leather armour of willpower (worn)
 i - a +0 tower shield
Scrolls
 h - a scroll of teleportation {unknown}
 j - a scroll of enchant armour {unknown}
 k - a scroll of identify {unknown}
 l - a scroll of noise {unknown}


   Skills:
 - Level 1.0 Fighting
 - Level 1.5 Dodging
 - Level 1.5 Stealth
 - Level 5.0 Spellcasting
 - Level 3.2 Conjurations
 + Level 0.2 Hexes


You had 9 spell levels left.
You knew the following spells:

 Your Spells              Type           Power      Damage    Failure   Level
a - Magic Dart            Conj           68%        1d6       4%          1
b - Searing Ray           Conj           34%        2d5       7%          2

Your spell library contained the following spells:

 Spells                   Type           Power      Damage    Failure   Level
 Dazzling Flash           Conj/Hex       22%        N/A       26%         3
 Fulminant Prism          Conj/Hex       5%         3d7       63%         4
 Iskenderun's Mystic Bla  Conj/Tloc      10%        2d4       65%         4
 Summon Forest            Summ/Tloc      2%         N/A       99%         5
 Eringya's Noxious Bog    Tmut/Pois      2%         N/A       100%        6
 Summon Hydra             Summ           2%         N/A       100%        7


Dungeon Overview and Level Annotations

Branches:
Dungeon (3/15)

Altars:


Innate Abilities, Weirdness & Mutations

You are immune to poison.
Your flesh is cold resistant. (rC+)
You are immune to negative energy. (rN+++)
You are immune to unholy pain and torment.
You are vulnerable to heat. (rF-)
You are in touch with the powers of death.
You do not drink.


Message History

It was a scroll of poison.
The orc hits you but does no damage.
The orc priest hits you with a +0 short sword.
* * * LOW HITPOINT WARNING * * *
Your magical contamination has completely faded away.
You hit the orc priest but do no damage.
The orc priest is poisoned.
The orc priest is heavily wounded.
The orc hits you with a +0 club.
* * * LOW HITPOINT WARNING * * *
The orc priest hits you with a +0 short sword.
* * * LOW HITPOINT WARNING * * *
Unknown command.
You hit the orc.
You kill the orc!
The orc priest hits you but does no damage.
Unknown command.
Unknown command.
You closely miss the orc. The orc barely misses you.
The orc priest begins to cast a cantrip, but forgets the words!
Unknown command.
Unknown command.
You barely miss the orc. The orc misses you.
The orc priest looks braver for a moment.
Unknown command.
Unknown command.
You closely miss the orc. The orc barely misses you. The orc priest misses you.
Unknown command.
Unknown command.
You barely miss the orc. The orc closely misses you.
The orc priest begins to cast a cantrip, but forgets the words!
The orc hits you with a +0 club.
* * * LOW HITPOINT WARNING * * *
The orc priest hits you but does no damage.
Unknown command.
Unknown command.
As you read the scroll labelled JECLIDIBAK, it crumbles to dust.
A profound silence engulfs you.
It was a scroll of silence.
You kill the orc priest!
The orc hits you with a +0 club.
You die...

#.............###
#..........)....##
##.........###.#..##
#§§.....#### #.##..##
#§☼§...## #.###..######
#§☼☼§..# #.# ##....##.
#☼☼☼☼§########§#######.##.
#☼§§☼§§o○§○○○☼☼§..........
#§☼§○§))@§☼§☼§○○...######.
#§§○w#########§☼. #.
#§......o.oo #.
#.....#.o.#. #. #......
.... #. $.†...... .o. #...
........... .. ..##.
r........#... . # #.
.............. #.


You could see a dart slug and an orc.

Vanquished Creatures
  An orc priest (D:3)
  An adder (D:2)
  A dart slug (D:1)
  2 orcs (D:3)
  A ball python (D:1)
  3 endoplasms
  2 giant cockroaches (D:1)
  4 goblins
  5 hobgoblins
  2 jackals (D:1)
  4 kobolds (D:1)
  3 quokkas
  9 bats
  3 frilled lizards
  5 rats
46 creatures vanquished.

Notes
Turn   | Place    | Note
-------+----------+-------------------------------------------
     0 | D:1      | wingedge the Mummy Conjurer began the quest for the Orb.
     0 | D:1      | Reached XP level 1. HP: 13/13 MP: 4/4
   143 | D:1      | Reached skill level 1 in Fighting
   301 | D:1      | Reached skill level 3 in Spellcasting
   693 | D:1      | Reached XP level 2. HP: 21/21 MP: 1/6
  2244 | D:1      | Learned a level 2 spell: Searing Ray
  2259 | D:1      | Found a faded altar of an unknown god.
  2279 | D:1      | Reached skill level 4 in Spellcasting
  2537 | D:1      | Gained mutation: You are in touch with the powers of death.
                  | [Mummy growth]
  2537 | D:1      | Reached XP level 3. HP: 26/26 MP: 3/8
  4265 | D:3      | Reached skill level 5 in Spellcasting
  4279 | D:3      | HP: 1/26 [orc/+0 club (1)]
  4280 | D:3      | Slain by an orc

Illustrated notes

Levels and vault maps discovered:
D:1:      lightli_molten_gateway, layout_loops_ring,
          ebering_ecumenical_altar_hall, hangedman_feature_mirror
D:2:      layout_loops_corners
D:3:      cheibrodos_pilgrimage, layout_rooms, hangedman_decor_clover_reticule,
          minmay_pentangle

Skill      XL: |  1  2  3 |
---------------+----------+-----
Fighting       | 1 |  1.0
Spellcasting   | 3 4 5 |  5.0
Dodging        | |  1.5
Stealth        | |  1.5
Conjurations   | |  3.2
Hexes          | |  0.2

Action                   || total
-------------------------++-------
Melee: Dagger            ||    11
       Short sword       ||    10
 Cast: Magic Dart        ||    76
       Searing Ray       ||     7
  Use: Scroll            ||     2
Armor: Robe              ||     2
       Leather armour    ||    15
Dodge: Dodged            ||    31

Table legend: (Time is in decaauts)
 A = Elapsed time spent in this place.
 B = Non-inter-level travel time spent in this place.
 C = Inter-level travel time spent in this place.
 D = Time resting spent in this place.
 E = Time spent auto-exploring this place.
 F = Levels seen in this place.
 G = Mean time per level.
                   A        B        C        D        E       F      G
               +--------+--------+--------+--------+--------+-----+--------+
         Total |   4279 |   4200 |     79 |   2512 |   1332 |   3 | 1426.3 |
       Dungeon |   4279 |   4200 |     79 |   2512 |   1332 |   3 | 1426.3 |
               +--------+--------+--------+--------+--------+-----+--------+

Top non-repeatable levels by time:
     D:1: 3178 daAuts
     D:2: 991 daAuts
     D:3: 109 daAuts
